 Dungeon Crawl Stone Soup version 0.27-a0-1529-g1e82c303ef (webtiles) character file.

Game seed: 16243416195585137261

12877 tsouns the Thaumaturge (level 12, 0/67 HPs)
             Began as a Kobold Enchanter on July 13, 2021.
             Was a High Priest of Lugonu.
             Slain by a two-headed ogre (9 damage)
             ... on level 1 of the Orcish Mines.
             The game lasted 00:28:46 (12189 turns).

tsouns the Thaumaturge (Kobold Enchanter)          Turns: 12189, Time: 00:28:47

Health: 0/67       AC: 11    Str:  5    XL:     12   Next: 25%
Magic:  23/26      EV: 15    Int: 25    God:    Lugonu [*****.]
Gold:   425        SH:  6    Dex: 18    Spells: 9/32 levels left

rFire    . . .     SeeInvis .   n - +4 short sword (distort)
rCold    + . .     Faith    .   r - +0 buckler
rNeg     . . .     Spirit   .   a - +2 robe {Archmagi}
rPois    .         Reflect  .   q - +0 helmet
rElec    .         Harm     .   j - +0 cloak
rCorr    .         Rampage  .   c - +1 pair of gloves {Str+3}
Will     .....     Archmagi +   s - +0 pair of boots
Stlth    +++++.....             F - amulet of the acrobat
HPRegen  0.21/turn              E - ring "Junedeas" {rC+ Str-4 Int+4 Dex+3 Slay+3}
MPRegen  0.20/turn              (no ring)

@: no status effects
A: small, no large weapons, nightstalker 3
a: Renounce Religion, Depart the Abyss, Bend Space, Banish, Corrupt, Enter the
Abyss


You were on level 1 of the Orcish Mines.
You worshipped Lugonu.
Lugonu was extremely pleased with you.
You visited 2 branches of the dungeon, and saw 11 of its levels.
You also visited: Sewer.

You collected 702 gold pieces.
You spent 277 gold pieces at shops.

Inventory:

Hand Weapons
 d - a +2 dagger of electrocution
 n - a +4 short sword of distortion (weapon)
 A - the +7 quick blade of Fortitude {vamp, Will+++ Int-4 SInv Stlth-}
   (You acquired it on level 6 of the Dungeon)

   It inflicts no extra harm, but heals its wielder when it wounds a living foe.
   Int:       It affects your intelligence (-4).
   SInv:      It lets you see invisible.
   Will:      It greatly increases your willpower.
   Stlth:     It makes you less stealthy.
 J - a +2 dagger of venom
Missiles
 b - 4 throwing nets
 h - 53 poisoned darts
 m - 7 atropa-tipped darts
 o - 3 boomerangs (quivered)
 L - 4 curare-tipped darts
Armour
 a - a +2 robe of the Archmagi (worn)
 c - a +1 pair of gloves of strength (worn)
 j - a +0 cloak (worn)
 q - a +0 helmet (worn)
 r - a +0 buckler (worn)
 s - a +0 pair of boots (worn)
 D - +0 swamp dragon scales
Jewellery
 t - a ring of fire
 v - a ring of see invisible
 E - the ring "Junedeas" (left hand) {rC+ Str-4 Int+4 Dex+3 Slay+3}
   (You found it on level 7 of the Dungeon)

   [ring of protection from cold]

   Str:       It affects your strength (-4).
   Int:       It affects your intelligence (+4).
   Dex:       It affects your dexterity (+3).
   Slay:      It affects your accuracy & damage with ranged weapons and melee
   (+3).
   rC:        It protects you from cold.
 F - an amulet of the acrobat (around neck)
 K - a ring of poison resistance
Wands
 p - a wand of acid (6)
 u - a wand of iceblast (14)
Scrolls
 w - 2 scrolls of amnesia
 y - 4 scrolls of teleportation
Potions
 e - 4 potions of curing
 f - 4 potions of haste
 g - a potion of mutation
 k - a potion of ambrosia
 l - a potion of brilliance
 x - a potion of heal wounds
 z - 4 potions of flight
 B - a potion of might
 C - 4 potions of berserk rage
 G - a potion of cancellation {unknown}
 I - a potion of lignification {unknown}


   Skills:
 + Level 4.7 Fighting
 - Level 8.0 Short Blades
 + Level 8.1 Armour
 - Level 2.4 Dodging
 - Level 8.3 Stealth
 + Level 3.5 Shields
 - Level 10.5 Spellcasting
 - Level 5.6 Hexes
 + Level 1.2 Summonings
 - Level 3.2 Ice Magic
 - Level 4.6 Invocations


You had 9 spell levels left.
You knew the following spells:

 Your Spells              Type           Power      Damage    Failure   Level
a - Corona                Hex            64%        N/A       1%          1
b - Ensorcelled Hibernat  Hex/Ice        100%       N/A       1%          2
c - Confusing Touch       Hex            58%        N/A       1%          3
d - Tukima's Dance        Hex            58%        N/A       1%          3
e - Spellforged Servitor  Conj/Summ      12%        N/A       100%        7
f - Orb of Destruction    Conj           9%         9d4       100%        7

Your spell library contained the following spells:

 Spells                   Type           Power      Damage    Failure   Level
 Summon Guardian Golem    Hex/Summ       45%        N/A       4%          3
 Shock                    Conj/Air       76%        1d7       5%          1
 Sting                    Tmut/Pois      76%        1d6       5%          1
 Dazzling Flash           Conj/Hex       80%        N/A       5%          3
 Corpse Rot               Necr/Air       N/A        N/A       9%          2
 Poisonous Vapours        Pois/Air       38%        N/A       9%          2
 Sublimation of Blood     Necr           9%         N/A       9%          2
 Wereblood                Tmut           19%        N/A       9%          2
 Mephitic Cloud           Conj/Pois/Air  19%        N/A       17%         3
 Spider Form              Tmut/Pois      9%         N/A       17%         3
 Stone Arrow              Conj/Erth      38%        3d9       17%         3
 Ice Form                 Ice/Tmut       31%        N/A       28%         4
 Animate Armour           Summ/Erth      48%        N/A       38%         4
 Dispel Undead            Necr           19%        3d11      50%         4
 Olgreb's Toxic Radiance  Pois           19%        N/A       50%         4
 Freezing Cloud           Conj/Ice/Air   13%        6-21      69%         5
 Iskenderun's Battlesphe  Conj           19%        2d7       83%         5
 Shadow Creatures         Summ           N/A        N/A       99%         6
 Simulacrum               Ice/Necr       15%        N/A       99%         6
 Death Channel            Necr           9%         N/A       100%        6
 Iron Shot                Conj/Erth      9%         9d3       100%        6
 Malign Gateway           Summ/Tloc      12%        N/A       100%        7
 Summon Hydra             Summ           14%        N/A       100%        7
 Lehudib's Crystal Spear  Conj/Erth      9%         10d4      100%        8
 Summon Horrible Things   Summ           14%        N/A       100%        8
 Chain Lightning          Conj/Air       9%         3d12      100%        9


Dungeon Overview and Level Annotations

Branches:
Dungeon (10/15)            Temple (0/1) D:5             Orc (1/2) D:10
  Sewer (visited)
   Lair: D:8-11

Altars:
Sif Muna
Lugonu

Shops:
D:3 (   D:6 *:*:   D:9 **   Orc:1 [

Annotations:
Orc:1 Snorg


Innate Abilities, Weirdness & Mutations

You are small and have problems with some larger weapons.
You are completely attuned to the shadows.


Message History

You kill the gnoll!
Lugonu accepts your kill. The two-headed ogre barely misses you.
The two-headed ogre hits you with a +0 giant club.
Unknown command.
Aiming: Corrosive Bolt
Press: ? - help, Shift-Dir - straight line, f - orc
Aim: an orc, wielding a +0 short sword (71% to hit)
The bolt of acid hits the two-headed ogre!
The two-headed ogre is splashed with acid.
The two-headed ogre seems to be corroded for longer.
The two-headed ogre is heavily wounded.
The bolt of acid hits the two-headed ogre.
The two-headed ogre is splashed with acid.
The acid corrodes the two-headed ogre!
The two-headed ogre is heavily wounded.
The bolt of acid misses the ogre mage.
The bolt of acid misses the orc.
The sentinel's mark upon you fades away.
Unknown command.
Aiming: Corrosive Bolt
Press: ? - help, Shift-Dir - straight line, f/p - orc
Aim: an orc, wielding a +0 short sword (71% to hit)
The bolt of acid hits the two-headed ogre!
The two-headed ogre is splashed with acid.
The two-headed ogre is severely wounded.
The bolt of acid hits the two-headed ogre!
The two-headed ogre is splashed with acid.
The two-headed ogre seems to be corroded for longer.
The two-headed ogre is severely wounded.
The bolt of acid hits the orc warrior!
The orc warrior is splashed with acid.
The orc warrior is severely wounded.
The bolt of acid hits the orc!
The orc is splashed with acid.
You kill the orc!
Lugonu accepts your kill.
You hear a shout! x2
An orc warrior comes into view. It is wielding a +0 mace.
The two-headed ogre hits you with a +0 giant club!
* * * LOW HITPOINT WARNING * * *
The two-headed ogre hits you with a +0 giant club!
You die...

*,*,,,,,..#..#...##.*
***,,,,∩.∩#.......#**
*,,,........$.#.#
**,,.∩.∩..o.$.###
**,*#o.og..###
**###Oooo.# #...O##.#
####O#### #@#.# #####


You could see 2 two-headed ogres, 2 orc warriors, a gnoll and an orc.

Vanquished Creatures
  Harold (D:8)
  Erica (D:8)
  2 two-headed ogres
  Sonja (D:10)
  Pikel (D:7)
  2 orc sorcerers (D:10)
  4 gargoyles (D:9)
  Maggie (D:7)
  A kobold demonologist (D:10)
  A vampire (D:9)
  2 wyverns
  A shadow (D:10)
  13 yaks
  A vampire mosquito (D:10)
  2 acid dragons (D:9)
  A water moccasin (D:7)
  An ice beast (D:7)
  A sky beast (D:7)
  A black bear (D:5)
  5 orc warriors
  4 ogres
  3 centaurs
  2 lemures (D:7)
  2 phantoms (D:10)
  A kobold brigand (D:8)
  2 bullfrogs (D:8)
  A gnoll sergeant (D:7)
  4 scorpions
  A water moccasin skeleton (D:6)
  3 killer bees (D:7)
  3 wights (D:9)
  2 howler monkeys (D:10)
  A bullfrog zombie (D:6)
  A hound (D:6)
  A centaur zombie (D:8)
  3 jellies
  5 orc priests
  A gnoll shaman (D:6)
  An iguana (D:5)
  7 orc wizards
  A merfolk siren (Sewer)
  A merfolk avatar (Sewer)
  8 ogre zombies (D:10)
  A howler monkey zombie (D:7)
  9 gnolls
  A howler monkey skeleton (D:5)
  6 adders
  3 river rats
  A shadow imp (D:7)
  2 worms
  5 dart slugs
  34 orcs
  13 ball pythons
  6 endoplasms
  8 giant cockroaches
  9 goblins
  4 hobgoblins
  8 jackals
  10 kobolds
  7 quokkas
  7 bats
  11 frilled lizards
  2 goblin skeletons (D:10)
  3 goblin zombies (D:10)
  3 hobgoblin zombies (D:10)
  2 orc skeletons (D:10)
  15 orc zombies (D:10)
  32 rats
303 creatures vanquished.

Vanquished Creatures (collateral kills)
  A goblin (D:3)
1 creature vanquished.

Grand Total: 304 creatures vanquished

Notes
Turn   | Place    | Note
-------+----------+-------------------------------------------
     0 | D:1      | tsouns the Kobold Enchanter began the quest for the Orb.
     0 | D:1      | Reached XP level 1. HP: 10/10 MP: 3/3
   488 | D:1      | Reached XP level 2. HP: 14/15 MP: 3/5
   491 | D:1      | Learned a level 2 spell: Ensorcelled Hibernation
   611 | D:1      | Found a faded altar of an unknown god.
   618 | D:1      | Became a worshipper of Lugonu the Unformed
   618 | D:1      | Reached * piety under Lugonu
   618 | D:1      | Reached ** piety under Lugonu
  1067 | D:1      | Reached XP level 3. HP: 19/19 MP: 6/6
  1719 | D:2      | Reached skill level 1 in Ice Magic
  1808 | D:2      | Reached XP level 4. HP: 24/24 MP: 7/7
  1852 | D:2      | Reached skill level 5 in Stealth
  2224 | D:2      | Identified a scroll of acquirement
  2224 | D:2      | Acquired a +1 pair of gloves of strength
  2342 | D:2      | Reached *** piety under Lugonu
  3050 | D:3      | Reached XP level 5. HP: 28/28 MP: 8/8
  3166 | D:3      | Found a shimmering blue altar of Sif Muna.
  3927 | D:3      | Found Meof's Weapon Shop.
  4269 | D:4      | Noticed an ogre
  4293 | D:4      | Killed an ogre
  4294 | D:4      | Reached skill level 1 in Invocations
  4294 | D:4      | Reached XP level 6. HP: 32/32 MP: 4/9
  4935 | D:4      | Reached XP level 7. HP: 36/36 MP: 10/10
  5066 | D:5      | Entered Level 5 of the Dungeon
  5191 | D:5      | Reached **** piety under Lugonu
  5357 | D:5      | Reached skill level 5 in Short Blades
  5452 | D:5      | Learned a level 3 spell: Confusing Touch
  5456 | D:5      | Learned a level 3 spell: Tukima's Dance
  5648 | D:5      | Reached XP level 8. HP: 41/41 MP: 11/11
  5879 | D:5      | Found a staircase to the Ecumenical Temple.
  6264 | D:6      | Reached skill level 3 in Spellcasting
  6264 | D:6      | Reached skill level 5 in Hexes
  6265 | D:6      | Found Rogamui's Assorted Antiques.
  6282 | D:6      | Bought a potion of curing for 87 gold pieces
  6282 | D:6      | Bought a yellow potion for 26 gold pieces
  6282 | D:6      | Bought a scroll labelled TITWER ILUHOJEI for 29 gold pieces
  6384 | D:6      | Found a glowing drain.
  6398 | Sewer    | Entered a sewer
  7137 | D:6      | Acquired the +7 quick blade of Fortitude {vamp, Will+++
                  | Int-4 SInv Stlth-}
  7174 | D:6      | Found Toahykoi's Book Emporium.
  7209 | D:6      | Found Gomupt's Book Shoppe.
  7245 | D:6      | Found Wamuur's General Store.
  7572 | D:6      | Reached ***** piety under Lugonu
  7827 | D:7      | Noticed Maggie
  7831 | D:7      | Killed Maggie
  7832 | D:7      | Reached XP level 9. HP: 45/45 MP: 14/14
  7838 | D:7      | Reached skill level 4 in Spellcasting
  8065 | D:7      | Identified the ring "Junedeas" {rC+ Str-4 Int+4 Dex+3
                  | Slay+3}
  8206 | D:7      | Reached skill level 1 in Armour
  8298 | D:7      | Noticed a two-headed ogre
  8308 | D:7      | Killed a two-headed ogre
  8309 | D:7      | Reached skill level 5 in Spellcasting
  8561 | D:7      | Noticed Pikel
  8584 | D:7      | Killed Pikel
  8585 | D:7      | Reached skill level 6 in Spellcasting
  8585 | D:7      | Reached XP level 10. HP: 50/50 MP: 11/19
  8758 | D:7      | Reached skill level 7 in Spellcasting
  8873 | D:8      | Noticed Harold
  8881 | D:8      | Killed Harold
  8882 | D:8      | Reached skill level 5 in Armour
  9154 | D:8      | Noticed Erica
  9167 | D:8      | Killed Erica
  9168 | D:8      | Reached skill level 8 in Spellcasting
  9226 | D:8      | Reached XP level 11. HP: 40/54 MP: 15/23
  9483 | D:8      | Learned a level 7 spell: Spellforged Servitor
  9491 | D:8      | Learned a level 7 spell: Orb of Destruction
  9624 | D:8      | Reached skill level 9 in Spellcasting
 10121 | D:9      | Found Vukheokho's Specific Store.
 10122 | D:9      | Found Ahiuch's General Store.
 10126 | D:9      | Bought a potion of heal wounds for 75 gold pieces
 10126 | D:9      | Bought a scroll of identify for 30 gold pieces
 10126 | D:9      | Bought a scroll of identify for 30 gold pieces
 10588 | D:9      | Got Sif Muna's Almanac of Frigorific Weightlessness
 10694 | D:9      | Reached skill level 1 in Fighting
 10719 | D:9      | Reached skill level 1 in Shields
 10899 | D:10     | Entered Level 10 of the Dungeon
 10918 | D:10     | Found a staircase to the Orcish Mines.
 11209 | D:10     | Noticed Sonja
 11213 | D:10     | Killed Sonja
 11214 | D:10     | Reached skill level 10 in Spellcasting
 11527 | D:10     | Noticed a two-headed ogre
 11535 | D:10     | Killed a two-headed ogre
 11536 | D:10     | Reached XP level 12. HP: 66/66 MP: 23/26
 12014 | Orc:1    | Entered Level 1 of the Orcish Mines
 12136 | Orc:1    | Reached skill level 1 in Summonings
 12137 | Orc:1    | Noticed Snorg
 12154 | Orc:1    | Found Nynuq's Antique Armour Shoppe.
 12176 | Orc:1    | Noticed a two-headed ogre
 12186 | Orc:1    | Noticed a two-headed ogre
 12187 | Orc:1    | Noticed an ogre mage
 12189 | Orc:1    | Slain by a two-headed ogre

Illustrated notes

Levels and vault maps discovered:
D:1:      kilobyte_arrival_exit_the_forest, layout_basic, basic_ecumenical_altar
D:2:      layout_loops_cross
D:3:      layout_basic, mainiacjoe_overflow_small_starburst, serial_shops, shop
D:4:      layout_rooms, hangedman_decor_opposing
D:5:      layout_loops_ring, minmay_temple_entry_poolview
D:6:      layout_basic, gup_sewer_entry_bubbles, serial_shops, shop,
          nicolae_take_the_stairs, shop_coins, shop_fountains
D:7:      layout_gridville, uniq_maggie, uniq_pikel
D:8:      layout_layer_cave, minmay_circle_x, uniq_erica, uniq_harold
D:9:      cheibrodos_statue_roulette, layout_cave_pools, library_closet,
          minmay_misc_feat_cross, nicolae_specific_store
D:10:     layout_loops_ring, zombieorc2_lemuel, uniq_sonja
Orc:1:    layout_diamond_mine, basic_altar, serial_shops,
          nicolae_shop_competitors_out_of_business, shop_fountains,
          nicolae_shop_temple_entry_statues_fountains, nicolae_square_shop,
          nicolae_shop_statue_plus, uniq_snorg

Skill      XL: |  1  2  3  4  5  6  7  8  9 10 11 12 |
---------------+-------------------------------------+-----
Short Blades   | 2 3 4 5 7 8 |  8.0
Ice Magic      | 1 2 3 |  3.2
Stealth        | 5 6 8 |  8.3
Invocations    | 1 2 3 4 |  4.6
Hexes          | 4 5 |  5.6
Spellcasting   | 3 6 8 10 | 10.5
Armour         | 4 6 7 8 |  8.1
Fighting       | 3 4 |  4.7
Shields        | 2 3 |  3.5
Summonings     | 1 |  1.2
Dodging        | |  2.4

Action                   |  1- 3 |  4- 6 |  7- 9 | 10-12 || total
-------------------------+-------+-------+-------+-------++-------
Melee: Dagger            |   116 |   172 |   140 |       ||   428
       Quick blade       |       |       |    80 |   263 ||   343
       Short sword       |       |       |       |    86 ||    86
 Cast: Corona            |     8 |     2 |     1 |       ||    11
       Ensorcelled Hiber |     2 |    27 |    45 |    24 ||    98
       Confusing Touch   |       |       |       |     5 ||     5
Evoke: Wand              |       |       |     5 |     5 ||    10
  Use: Scroll            |       |     9 |     6 |    11 ||    26
       Potion            |       |     1 |       |     3 ||     4
 Stab: Sleeping          |    20 |    38 |    45 |    42 ||   145
       Confused          |       |       |       |     8 ||     8
Armor: Robe              |     9 |    34 |    21 |    14 ||    78
       Swamp dragon scal |       |       |    11 |    50 ||    61
Dodge: Dodged            |    94 |   113 |    89 |    91 ||   387
Block: Buckler           |       |       |       |    16 ||    16

Table legend: (Time is in decaauts)
 A = Elapsed time spent in this place.
 B = Non-inter-level travel time spent in this place.
 C = Inter-level travel time spent in this place.
 D = Time resting spent in this place.
 E = Time spent auto-exploring this place.
 F = Levels seen in this place.
 G = Mean time per level.
                   A        B        C        D        E       F      G
               +--------+--------+--------+--------+--------+-----+--------+
         Total |  11960 |  11681 |    279 |     45 |   9437 |  12 |  996.7 |
       Dungeon |  11175 |  10896 |    279 |     45 |   9013 |  10 | 1117.5 |
  Orcish Mines |     75 |     75 |      0 |      0 |      0 |   1 |   75.0 |
         Sewer |    709 |    709 |      0 |      0 |    423 |   1 |  709.0 |
               +--------+--------+--------+--------+--------+-----+--------+

Top non-repeatable levels by time:
     D:1: 1705 daAuts
     D:8: 1239 daAuts
     D:2: 1227 daAuts
     D:3: 1225 daAuts
     D:5: 1148 daAuts
    D:10: 1104 daAuts
     D:7: 1091 daAuts
     D:4: 876 daAuts
     D:6: 797 daAuts
     D:9: 760 daAuts
   Sewer: 709 daAuts
   Orc:1: 75 daAuts
